 Dungeon Crawl Stone Soup version 0.21-b1-21-g86478ac (webtiles) character file.

29607 microfolk the Fighter (level 13, -3/122 HPs)
             Began as a Hill Orc Monk on Jan 4, 2018.
             Was the Champion of Beogh.
             Slain by an anaconda (10 damage)
             ... on level 4 of the Lair of Beasts.
             The game lasted 01:26:23 (22096 turns).

microfolk the Fighter (Hill Orc Monk)              Turns: 22096, Time: 01:26:23

Health: -3/122     AC: 21    Str: 26    XL:     13   Next: 46%
Magic:  4/13       EV:  8    Int: 10    God:    Beogh [******]
Gold:   1246       SH: 18    Dex: 13    Spells: 12/12 levels left

rFire    + + .     SeeInvis .   Z - +8 whip "Snakebite" {curare, rPois}
rCold    + + .     Gourm    .   o - +0 large shield
rNeg     . . .     Faith    +   u - +1 ice dragon scales
rPois    +         Spirit   .   l - +0 helmet
rElec    .         Reflect  .   G - +0 cloak {MR+}
rCorr    .         Harm     .   (no gloves)
MR       .....                  V - +2 pair of boots
Stlth    ..........             W - amulet of Goxen {Faith rF+++ MR- Str+3}
HPRegen  0.30/turn              j - +4 ring of strength
MPRegen  0.13/turn              K - +3 ring of evasion

@: lethally poisoned (-3 -> -5), constricted
A: walk on water
a: Smiting, Recall Orcish Followers, Give Item to Named Follower, Resurrection,
Renounce Religion


You were on level 4 of the Lair of Beasts.
You worshipped Beogh.
Beogh was exalted by your worship.
You were not hungry.

You visited 3 branches of the dungeon, and saw 18 of its levels.
You also visited: Sewer, Ossuary and Ice Cave.

You collected 1246 gold pieces.

Inventory:

Hand Weapons
 a - a +0 broad axe of chopping
 b - a +3 hand crossbow of velocity
 q - a +3 hand axe
 A - a +0 demon trident of freezing
 M - a +0 triple sword of freezing
 Z - the +8 whip "Snakebite" (weapon) {curare, rPois}
   (You found it on level 5 of the Lair of Beasts)

   It poisons the flesh of those it strikes.
   It protects you from poison.
Missiles
 e - 51 bolts
Armour
 l - a +0 helmet (worn)
 o - a +0 large shield (worn)
 u - +1 ice dragon scales (worn)
 G - a +0 cloak of magic resistance (worn)
 T - a +0 hat of intelligence
 V - a +2 pair of boots (worn)
Magical Staves
 D - an uncursed staff of poison
 L - an uncursed staff of air
Jewellery
 j - a +4 ring of strength (left hand)
 m - an uncursed amulet of guardian spirit
 y - an uncursed ring of positive energy
 K - a +3 ring of evasion (right hand)
 N - an uncursed ring of flight
 W - the amulet of Goxen (around neck) {Faith rF+++ MR- Str+3}
   (You took it off a kobold on level 8 of the Dungeon)

   [amulet of faith]

   It allows you to gain divine favour quickly.
   It affects your strength (+3).
   It renders you almost immune to fire.
   It affects your resistance to hostile enchantments.
Wands
 g - a wand of disintegration (16)
 O - a wand of paralysis (6)
 R - a wand of digging (42)
 Y - a wand of flame (25)
Scrolls
 h - 2 scrolls of magic mapping
 p - a scroll of blinking
 r - a scroll of summoning
 x - 3 scrolls of enchant armour
 E - 2 scrolls of enchant weapon
 H - 3 scrolls of immolation
 Q - 3 scrolls of teleportation
 S - 4 scrolls of identify
 U - 8 scrolls of remove curse
 X - a scroll of fog
Potions
 d - 2 potions of might
 f - 2 potions of lignification
 i - a potion of invisibility
 k - a potion of berserk rage
 n - 6 potions of curing
 s - a potion of cancellation
 t - 7 potions of flight
 w - a potion of mutation
 z - 6 potions of brilliance
 B - 2 potions of magic
 C - 5 potions of agility
 F - a potion of resistance
 P - a potion of haste
Miscellaneous
 I - a lightning rod (4/4)
Comestibles
 c - 34 rations


   Skills:
 + Level 13.5 Fighting
 - Level 12.5(13.3) Axes
 + Level 0.0(6.7) Maces & Flails
 - Level 6.9(9.8) Polearms
   Level 4.8 Slings
 - Level 5.0 Crossbows
 + Level 12.1 Armour
 - Level 2.4 Dodging
 - Level 1.5 Stealth
 + Level 9.3 Shields


You had 12 spell levels left.
You didn't know any spells.

Dungeon Overview and Level Annotations

Branches:
Dungeon (12/15)            Temple (0/1) D:4            Lair (5/6) D:10
  Swamp (0/4) Lair:3        Snake (1/4) Lair:4        Slime (0/5) Lair:5
    Orc (0/2) D:12

Altars:
Ashenzari
Dithmenos
Fedhas
Gozag
Hepliaklqana
Kikubaaqudgha
Makhleb
Nemelex Xobeh
Sif Muna
Trog
Wu Jian
Beogh
Jiyva

Shops:
D:5 }   D:8 ?   D:12 :(

Annotations:
D:3 Grinder; Pedason's ghost, amateur GnWn
D:9 exclusion: oklob plant


Message History

Your orc knight roars a battlecry!
Bladwarg goes into a battle-frenzy!
The black mamba barely misses you.
Bladwarg misses the black mamba.
You feel much better.
You feel sick.
The black mamba bites you but does no damage.
The black mamba closely misses Bladwarg.
The anaconda bites you!
* * * LOW HITPOINT WARNING * * *
The anaconda bites you.
* * * LOW HITPOINT WARNING * * *
x2 The anaconda constricts you.
The black mamba closely misses you.
The black mamba bites Bladwarg!
Bladwarg looks as sick as possible!
The black mamba poisons Bladwarg!
The black mamba completely misses you.
The black mamba bites you but does no damage.
The black mamba bites Bladwarg!
You block the anaconda's attack. You block the mana viper's attack.
The naga ritualist spits poison at you. The splash of poison hits you!
You resist. The anaconda bites you!
You die...

.....###### ##...## ##......
..#....### #...P^# #.....#
#...#....#######..### #####.##.
...........#.##.#.#######.##.####
.............#.#P.#.##.##.#P.####
......###....P....P###.P.........
......# ##.P..S.S................
......# #####.oNS....o...o..P...
......# ##.S@S##PP.##...PP.##
.....########..SSS#########.###..
P###..#....#.....###### #......
##................#...## ##....#.
.#..†...##...###.......###.....#.
#....######### #...##............
#.....# ##..####..#......#
.#....###### #...###...#.....##
#..#..##.#.## ##..P##.#P..#...###


You could see 2 anacondas, a naga ritualist, a mana viper, 5 black mambas, a
friendly orc knight and the friendly Bladwarg the orc knight.

Vanquished Creatures
  A two-headed ogre (D:9)
  Sonja (D:10)
  An orc knight (D:12)
  Maurice (D:8)
  2 ice statues (IceCv)
  3 black mambas
  A centaur zombie (D:10)
  5 spiny frogs
  A komodo dragon (Lair:4)
  9 ice devils (IceCv)
  3 meliai (D:11)
  A troll (D:9)
  A dream sheep (Lair:5)
  3 hippogriffs
  A wraith (D:12)
  10 yaks
  Eustachio (D:5)
  A hungry ghost (D:12)
  A steam dragon (Lair:2)
  Edmund (D:5)
  Menkaure (D:7)
  7 water moccasins
  A porcupine (Lair:5)
  Duvessa (D:5)
  An orc warrior (D:10)
  4 ice beasts
  5 sky beasts
  3 black bears
  6 wolves
  3 phantoms
  4 centaurs
  3 ogres
  A crocodile (Lair:2)
  2 big kobolds (Sewer)
  10 bullfrogs
  Dowan (D:5)
  A water moccasin zombie (D:8)
  2 scorpions
  5 wights (D:6)
  A howler monkey (D:4)
  A crimson imp (D:5)
  A jelly (D:9)
  A bullfrog skeleton (D:10)
  5 orc priests
  5 hounds
  5 orc wizards
  2 centaur skeletons
  4 iguanas
  A gnoll shaman (D:8)
  8 worker ants
  A killer bee zombie (D:8)
  A big kobold zombie (Ossuary)
  A hound zombie (D:9)
  A hound skeleton (D:11)
  2 mummies (Ossuary)
  3 gnolls (D:8)
  20 adders
  7 white imps (IceCv)
  7 ufetubi (IceCv)
  7 oozes
  An adder skeleton (D:5)
  3 adder zombies (Ossuary)
  2 worms
  3 dart slugs
  8 leopard geckos
  17 orcs
  9 bats
  12 giant cockroaches
  7 goblins
  10 hobgoblins
  16 jackals
  27 kobolds
  3 quokkas
  4 ball pythons
  6 frilled lizards
  13 hobgoblin zombies (Ossuary)
  8 kobold zombies (Ossuary)
  A leopard gecko skeleton (D:6)
  7 orc zombies (Ossuary)
  2 quokka skeletons (D:4)
  12 rats
  2 plants
366 creatures vanquished.

Vanquished Creatures (collateral kills)
  3 hydras
  Harold (Lair:2)
  A two-headed ogre (D:8)
  3 black mambas
  8 spiny frogs
  3 rime drakes
  A komodo dragon (Lair:2)
  Prince Ribbit (Lair:3)
  8 blink frogs
  4 hippogriffs
  4 dream sheep (Lair:5)
  A wyvern (Lair:4)
  5 basilisks
  30 yaks
  3 hungry ghosts (D:10)
  3 vampire mosquitoes (Lair:3)
  11 water moccasins
  5 porcupines
  A sky beast (D:8)
  3 orc warriors
  A black bear (D:12)
  8 wolves
  7 crocodiles
  2 ogres (D:8)
  3 centaurs
  6 bullfrogs
  2 gnoll sergeants (D:8)
  A howler monkey (D:11)
  An electric eel (Lair:3)
  A crimson imp (D:8)
  2 hounds
  3 jellies
  A gnoll shaman (D:8)
  An orc wizard (D:8)
  5 gnolls (D:8)
  5 adders
  A shadow imp (D:8)
  An ooze (D:9)
  5 orcs
  A hobgoblin (D:8)
  3 kobolds (D:8)
  9 fungi
  12 plants
180 creatures vanquished.

Vanquished Creatures (others)
  A reaper (IceCv)
  4 orc priests
  3 white imps (IceCv)
  4 ufetubi (IceCv)
  24 orcs
  8 fungi
  4 plants
48 creatures vanquished.

Grand Total: 594 creatures vanquished

Notes
Turn   | Place    | Note
-------+----------+-------------------------------------------
     0 | D:1      | microfolk the Hill Orc Monk began the quest for the Orb.
     0 | D:1      | Reached XP level 1. HP: 19/19 MP: 1/1
    52 | D:1      | Reached XP level 2. HP: 19/27 MP: 2/2
    55 | D:1      | Reached skill level 1 in Armour
   273 | D:1      | Reached skill level 4 in Fighting
   396 | D:1      | Reached XP level 3. HP: 30/33 MP: 3/3
  1208 | D:2      | Reached XP level 4. HP: 39/41 MP: 4/4
  1767 | D:2      | Reached skill level 5 in Axes
  1856 | D:3      | Noticed Pedason's ghost (amateur GnWn)
  1919 | D:3      | Noticed Grinder
  2246 | D:3      | Found a shadowy altar of Dithmenos.
  2644 | D:3      | Reached XP level 5. HP: 36/47 MP: 5/5
  2953 | D:3      | Reached skill level 1 in Slings
  3429 | D:4      | Reached skill level 5 in Fighting
  3841 | D:4      | Found a staircase to the Ecumenical Temple.
  4200 | D:4      | Reached XP level 6. HP: 40/56 MP: 3/6
  4729 | D:5      | Entered Level 5 of the Dungeon
  4785 | D:5      | Found a sand-covered staircase.
  4876 | Ossuary  | Entered an ossuary
  5264 | D:5      | Found a glowing drain.
  5289 | Sewer    | Entered a sewer
  5628 | Sewer    | Reached XP level 7. HP: 39/62 MP: 4/7
  6223 | D:5      | Reached skill level 6 in Fighting
  6564 | D:5      | Became a worshipper of Beogh the Brigand
  6564 | D:5      | Reached * piety under Beogh
  6564 | D:5      | Reached ** piety under Beogh
  6803 | D:5      | Noticed Duvessa
  6810 | D:5      | Noticed Eustachio
  6817 | D:5      | Killed Duvessa
  6817 | D:5      | Reached XP level 8. HP: 71/71 MP: 8/8
  6821 | D:5      | Killed Eustachio
  6821 | D:5      | Reached skill level 5 in Armour
  6853 | D:5      | Noticed Dowan
  6868 | D:5      | Killed Dowan
  7037 | D:5      | Found Dudokk Hounu's Gadget Boutique.
  7361 | D:6      | Noticed Edmund
  7379 | D:5      | Killed Edmund
  7379 | D:5      | Reached skill level 7 in Fighting
  7892 | D:6      | Reached XP level 9. HP: 73/80 MP: 9/9
  7941 | D:6      | Reached *** piety under Beogh
  8037 | D:5      | Reached skill level 8 in Fighting
  8477 | D:6      | Found an ornate altar of the Wu Jian Council.
  8610 | D:7      | Reached skill level 1 in Crossbows
  8643 | D:7      | Noticed Menkaure
  8808 | D:7      | Found a sparkling altar of Nemelex Xobeh.
  9353 | D:8      | Noticed Maurice
  9368 | D:8      | Noticed a two-headed ogre
  9440 | D:8      | Found Bial's Magic Scroll Boutique.
  9487 | D:7      | Killed Menkaure
  9569 | D:8      | Found an ancient bone altar of Kikubaaqudgha.
  9966 | D:8      | Reached **** piety under Beogh
  9966 | D:8      | Reached skill level 9 in Fighting
 10111 | D:8      | Reached XP level 10. HP: 80/91 MP: 7/10
 10115 | D:8      | Reached skill level 10 in Axes
 10325 | D:8      | Got a bound ivory amulet
 10572 | D:8      | Killed Maurice
 10866 | D:8      | Killed a two-headed ogre
 10871 | D:8      | Found a bloodstained altar of Trog.
 10871 | D:8      | Found an opulent altar of Gozag.
 10876 | D:8      | Found a burning altar of Makhleb.
 10878 | D:8      | Found a faded altar of an unknown god.
 10879 | D:8      | Found a deep blue altar of Sif Muna.
 11280 | D:9      | Identified the amulet of Goxen {Faith rF+++ MR- Str+3} (You took it off a kobold on level 8 of the Dungeon)
 11452 | D:9      | Noticed a two-headed ogre
 11465 | D:9      | Killed a two-headed ogre
 11465 | D:9      | Reached skill level 10 in Fighting
 11465 | D:9      | Reached skill level 1 in Shields
 11776 | D:9      | Found a hazy altar of Hepliaklqana.
 11925 | D:9      | Found a blossoming altar of Fedhas.
 11946 | D:9      | Noticed an oklob plant
 12121 | D:10     | Entered Level 10 of the Dungeon
 12250 | D:10     | Got a crude mace
 12283 | D:10     | Found a staircase to the Lair.
 12384 | D:10     | Reached ***** piety under Beogh
 12461 | D:10     | Reached XP level 11. HP: 99/101 MP: 11/11
 12474 | D:10     | Reached skill level 5 in Crossbows
 12678 | D:10     | Noticed Sonja
 12683 | D:10     | Killed Sonja
 13359 | D:11     | Found a shattered altar of Ashenzari.
 13962 | D:12     | Found a roughly hewn altar of Beogh.
 13962 | D:12     | Found a staircase to the Orcish Mines.
 13966 | D:12     | Noticed an orc knight
 13985 | D:12     | Killed an orc knight
 13985 | D:12     | Gained Wardok as an ally
 14071 | D:12     | Found Reenk's Antique Armour Shop.
 14162 | D:12     | Found a frozen archway.
 14172 | D:12     | Reached skill level 11 in Fighting
 14180 | IceCv    | Entered an ice cave
 14258 | IceCv    | Killed a reaper
 14906 | IceCv    | Reached skill level 5 in Shields
 15448 | IceCv    | Reached skill level 10 in Armour
 16142 | D:12     | Found Hajikhla's Weapon Emporium.
 16186 | D:12     | Reached skill level 1 in Polearms
 16186 | D:12     | Reached XP level 12. HP: 103/111 MP: 12/12
 16200 | D:12     | Found Bohu's Book Shop.
 16807 | Lair:1   | Entered Level 1 of the Lair of Beasts
 16808 | Lair:1   | Gained Borgoth as an ally
 16814 | Lair:1   | Your ally Borgoth died
 16826 | Lair:1   | Gained Marbork as an ally
 16982 | Lair:1   | Reached skill level 12 in Fighting
 18064 | Lair:2   | Noticed Harold
 18095 | Lair:2   | Killed Harold
 18251 | Lair:2   | Reached ****** piety under Beogh
 18532 | Lair:2   | Got a distressingly furry ring mail
 18543 | Lair:2   | Identified the +3 ring mail of Wevaoxig {+Inv rC++ rN+ Str-2} (You found it on level 2 of the Lair of Beasts)
 18951 | Lair:3   | Noticed Nergalle
 19081 | Lair:3   | Noticed Prince Ribbit
 19089 | Lair:3   | Killed Prince Ribbit
 19089 | Lair:3   | Reached skill level 5 in Polearms
 19242 | Lair:3   | Noticed an eight-headed hydra
 19247 | Lair:3   | Killed an eight-headed hydra
 19312 | Lair:3   | Found a staircase to the Swamp.
 19348 | Lair:3   | Reached XP level 13. HP: 119/119 MP: 13/13
 19887 | Lair:4   | Reached skill level 13 in Fighting
 20134 | Lair:4   | Found a staircase to the Snake Pit.
 21064 | Lair:5   | Gained Bladwarg as an ally
 21437 | Lair:5   | Found the +8 whip "Snakebite" {curare, rPois}
 21805 | Lair:5   | Found a viscous altar of Jiyva.
 21806 | Lair:5   | Found a staircase to the Slime Pits.
 22048 | Snake:1  | Entered Level 1 of the Snake Pit
 22096 | Lair:4   | Slain by an anaconda

Skill      XL: |  1  2  3  4  5  6  7  8  9 10 11 12 13 |
---------------+----------------------------------------+-----
Armour         | 1 2 3 4 6 7 8 10 11 12 | 12.1
Fighting       | 4 5 6 7 9 10 11 12 13 | 13.5
Axes           | 5 6 7 8 9 11 12 | 12.5
Slings         | 1 2 3 4 |  4.8
Crossbows      | 3 4 5 |  5.0
Shields        | 2 5 8 9 |  9.3
Polearms       | 1 5 6 |  6.9
Dodging        | |  2.4
Stealth        | |  1.5

Action                   |  1- 3 |  4- 6 |  7- 9 | 10-12 | 13-15 || total
-------------------------+-------+-------+-------+-------+-------++-------
Melee: Hand axe          |   132 |   178 |   177 |   636 |       ||  1123
       War axe           |       |   197 |   242 |       |       ||   439
       Demon trident     |       |       |       |   190 |    80 ||   270
       Broad axe         |       |       |       |       |    61 ||    61
       Whip              |       |       |       |       |     3 ||     3
 Fire: Hunting sling     |       |     7 |       |       |       ||     7
       Hand crossbow     |       |       |     3 |    38 |     3 ||    44
Invok: Convert to Beogh  |       |       |     1 |       |       ||     1
       Recall Orcish Fol |       |       |       |     6 |     2 ||     8
       Give Item to Name |       |       |       |     3 |     1 ||     4
       Stop Recall       |       |       |       |     2 |     2 ||     4
Evoke: Wand              |       |       |       |     4 |       ||     4
  Use: Scroll            |     1 |     8 |    13 |     7 |     6 ||    35
       Potion            |       |     1 |     2 |     1 |     7 ||    11
 Stab: Sleeping          |     2 |     1 |       |       |       ||     3
       Distracted        |       |       |     1 |     2 |     2 ||     5
       Paralysed         |       |       |       |     3 |       ||     3
  Eat: Chunk             |     1 |     8 |    11 |    28 |     4 ||    52
       Ration            |       |     2 |     1 |     2 |     2 ||     7
Armor: Robe              |    20 |       |       |       |       ||    20
       Ring mail         |    10 |   119 |    15 |       |       ||   144
       Ice dragon scales |       |       |   175 |   250 |    83 ||   508
       Skin              |       |       |       |    26 |       ||    26
Dodge: Dodged            |   105 |   148 |   217 |   251 |    70 ||   791
Block: Large shield      |       |   114 |    52 |   461 |   154 ||   781
